 Dungeon Crawl Stone Soup version 0.28.0-45-g0d030f2227 (webtiles) character file.

Game seed: 2657101671953365399

4640 Peloso the Carver (level 10, -12/70 (89) HPs)
             Began as a Minotaur Fighter on Apr 21, 2022.
             Was an Initiate of Okawaru.
             Killed from afar by Nergalle (23 damage)
             ... with a bolt of negative energy
             ... on level 10 of the Dungeon.
             The game lasted 00:16:52 (10727 turns).

Peloso the Carver (Minotaur Fighter)               Turns: 10727, Time: 00:16:54

HP:   -12/70 (89)   AC: 26    Str: 23    XL:     10   Next: 20%
MP:   9/9           EV:  7    Int:  5    God:    Okawaru [......]
Gold: 650           SH:  5    Dex: 12    Spells: 9/9 levels left

rFire   . . .      SeeInvis .   a - +0 long sword (protect)
rCold   . . .      Faith    .   c - +0 buckler
rNeg    . . .      Spirit   .   l - +0 plate armour
rPois   .          Reflect  .   (helmet restricted)
rElec   .          Harm     .   (no cloak)
rCorr   .          Rampage  .   B - +2 pair of gloves
Will    .....                   t - +0 pair of boots
Stlth   ..........              (no amulet)
HPRegen 0.21/turn               (no ring)
MPRegen 0.11/turn               (no ring)

@: under a protective aura, heavily drained
A: horns 2, retaliatory headbutt
a: Renounce Religion


You were on level 10 of the Dungeon.
You worshipped Okawaru.
Okawaru was noncommittal.
You visited 2 branches of the dungeon, and saw 11 of its levels.
You also visited: Ossuary.

You collected 650 gold pieces.

Inventory:

Hand Weapons
 a - a +0 long sword of protection (weapon)
 b - the +7 hunting sling of Hefeacw {flame, Dex+4}
   (You found it on level 4 of the Dungeon)

   Any ammunition fired from it burns those it strikes, dealing additional fire
   damage.
   Dex:       It affects your dexterity (+4).
Armour
 c - a +0 buckler (worn)
 l - a +0 plate armour (worn)
 m - a +2 scale mail of cold resistance
 t - a +0 pair of boots (worn)
 B - a +2 pair of gloves (worn)
Jewellery
 y - the ring of Wonder {Fire Will+ Int+2}
   (You found it in an ossuary)

   [ring of fire]

   It enhances your fire magic.
   Int:       It affects your intelligence (+2).
   rF:        It protects you from fire.
   rC:        It makes you vulnerable to cold.
   Will:      It increases your willpower.
 C - an amulet of regeneration
Wands
 p - a wand of polymorph (14)
Scrolls
 f - 8 scrolls of teleportation
 g - a scroll of noise
 h - 2 scrolls of identify
 j - a scroll of magic mapping
 k - 2 scrolls of enchant armour
 r - a scroll of brand weapon
 u - a scroll of immolation {unknown}
 x - a scroll of fear {unknown}
 A - a scroll of amnesia {unknown}
Potions
 d - a potion of might
 i - 4 potions of curing
 n - 2 potions of experience
 o - a potion of invisibility
 q - a potion of brilliance
 s - 7 potions of attraction {unknown}
 v - a potion of mutation
 w - 2 potions of magic
 z - a potion of heal wounds
 D - a potion of flight {unknown}


   Skills:
 + Level 8.3 Fighting
 + Level 11.1 Long Blades
 + Level 10.2 Armour
 + Level 1.6 Dodging
 + Level 1.7 Stealth
 + Level 7.5 Shields
 + Level 0.4 Evocations


You had 9 spell levels left.
You didn't know any spells.
Your spell library contained the following spells:

 Spells                   Type           Power      Damage    Failure   Level
 Magic Dart               Conj           0%         1d3       100%        1
 Corpse Rot               Necr/Air       0%         N/A       100%        2
 Poisonous Vapours        Pois/Air       0%         N/A       100%        2
 Searing Ray              Conj           0%         2d4       100%        2
 Dazzling Flash           Conj/Hex       0%         N/A       100%        3
 Cause Fear               Hex            0%         N/A       100%        4
 Fulminant Prism          Conj/Hex       0%         3d6       100%        4
 Iskenderun's Mystic Bla  Conj/Tloc      0%         2d3       100%        4
 Starburst                Conj/Fire      0%         6d3       100%        6
 Dragon Form              Tmut           0%         N/A       100%        7
 Dragon's Call            Summ           Unusable   N/A       N/A         9

Dungeon Overview and Level Annotations

Branches:
Dungeon (10/15)            Temple (1/1) D:6            Lair (0/6) D:9
Ossuary (visited)
    Orc: D:9-12

Altars:
Ashenzari
Cheibriados
Dithmenos
Elyvilon
Fedhas
Gozag
Hepliaklqana
Kikubaaqudgha
Makhleb
Nemelex Xobeh
Okawaru
Qazlal
Ru
Sif Muna
Trog
Uskayaw
Vehumet
Wu Jian
Xom
Yredelemnul
Zin
The Shining One

Shops:
D:2 *   D:9 [

Annotations:
D:10 Nergalle


Innate Abilities, Weirdness & Mutations

You have a pair of horns on your head.
You reflexively headbutt those who attack you in melee.


Message History

The spectral orc warrior hits you but does no damage.
The spectral orc knight hits you but does no damage.
Unknown command.
You hit Nergalle.
Nergalle is severely wounded.
You block Nergalle's attack.
The spectral orc knight hits you but does no damage.
The spectral orc warrior hits you but does no damage.
The spectral orc knight hits you but does no damage.
Unknown command.
You hit Nergalle but do no damage.
Nergalle is severely wounded.
Nergalle hits you but does no damage.
You feel drained. The spectral orc knight hits you.
* * * LOW HITPOINT WARNING * * *
You feel drained.
* * * LOW HITPOINT WARNING * * *
The spectral orc warrior hits you with a +0 dire flail.
* * * LOW HITPOINT WARNING * * *
You feel drained.
* * * LOW HITPOINT WARNING * * *
The spectral orc knight hits you but does no damage.
You closely miss Nergalle. Your headbutt misses Nergalle.
Nergalle is severely wounded.
Nergalle hits you but does no damage.
You feel drained.
The spectral orc knight hits you but does no damage.
The spectral orc warrior hits you but does no damage.
The spectral orc knight hits you but does no damage.
Unknown command.
You hit Nergalle but do no damage.
Nergalle is severely wounded.
You block Nergalle's attack.
Unknown command.
You hit Nergalle but do no damage.
Nergalle is severely wounded.
The spectral orc knight hits you but does no damage. x2
You block the spectral orc warrior's attack.
Nergalle gestures at you while chanting.
The bolt of negative energy hits you!!
You feel drained.
You die...

#.........#
#.........#
#.........#
#.........#
#.........#
#.........#
#ZZ..<....#
#ZZ.......#
#####@ZZ......#
#...o###'######
#....'..........
#....#..........
#....#..........
#.<..###########
o...y..........
...##...#......
. #...#......


You could see Nergalle, a spectral orc (summoned), 3 spectral orc warriors and 2
spectral orc knights.

Vanquished Creatures
  Pikel (D:7)
  2 hornets
  A wraith (D:9)
  Eustachio (D:5)
  3 vampire mosquitoes
  3 water moccasins
  A hornet zombie (D:8)
  3 orc warriors
  2 black bears
  2 sky beasts
  An ogre (D:4)
  2 necrophages
  2 centaurs
  A phantom (D:5)
  A kobold brigand (D:6)
  A wyvern zombie (D:6)
  2 bullfrogs (D:8)
  3 scorpions
  A wyvern skeleton (D:6)
  3 wights (D:7)
  2 howler monkeys
  2 jellies
  8 orc priests
  A gnoll shaman (D:8)
  3 iguanas (D:5)
  5 orc wizards
  2 killer bee zombies (D:6)
  A hound zombie (Ossuary)
  A hound skeleton (D:5)
  4 mummies (Ossuary)
  5 gnolls
  7 adders
  A shadow imp (D:6)
  3 white imps
  An ufetubus (D:4)
  3 worms (D:2)
  22 orcs
  4 ball pythons (D:2)
  5 endoplasms
  5 giant cockroaches
  4 goblins
  2 hobgoblins
  9 kobolds
  2 quokkas
  6 bats
  2 frilled lizards (D:1)
  4 gnoll zombies (Ossuary)
  A goblin zombie (Ossuary)
  A hobgoblin zombie (Ossuary)
  A jackal zombie (Ossuary)
  2 kobold zombies (Ossuary)
  2 orc zombies (Ossuary)
  6 rats
163 creatures vanquished.

Notes
Turn   | Place    | Note
-------+----------+-------------------------------------------
     0 | D:1      | Peloso the Minotaur Fighter began the quest for the Orb.
     0 | D:1      | Reached XP level 1. HP: 19/19 MP: 0/0
   439 | D:1      | Reached XP level 2. HP: 27/27 MP: 1/1
  1156 | D:2      | Reached XP level 3. HP: 33/33 MP: 2/2
  1159 | D:2      | Found Alaaleg's General Store.
  1184 | D:2      | Reached skill level 3 in Long Blades
  1484 | D:2      | Reached XP level 4. HP: 37/40 MP: 3/3
  2103 | D:3      | Reached skill level 4 in Long Blades
  2563 | D:3      | Reached XP level 5. HP: 46/46 MP: 4/4
  2782 | D:4      | Reached skill level 5 in Armour
  2783 | D:4      | Identified the +7 hunting sling of Hefeacw {flame, Dex+4}
  3203 | D:4      | Found an ancient bone altar of Kikubaaqudgha.
  3204 | D:4      | Found a bloodstained altar of Trog.
  3223 | D:4      | Noticed an ogre
  3239 | D:4      | Killed an ogre
  3240 | D:4      | Reached skill level 5 in Long Blades
  3240 | D:4      | Reached XP level 6. HP: 17/53 MP: 5/5
  3594 | D:5      | Entered Level 5 of the Dungeon
  3600 | D:5      | Noticed a water moccasin
  3610 | D:5      | Killed a water moccasin
  3611 | D:5      | Reached skill level 1 in Dodging
  3818 | D:5      | Reached skill level 5 in Fighting
  3818 | D:5      | Reached XP level 7. HP: 52/61 MP: 6/6
  3909 | D:5      | Reached skill level 1 in Stealth
  3923 | D:5      | Reached skill level 5 in Shields
  3960 | D:5      | Reached skill level 6 in Long Blades
  4435 | D:5      | Reached XP level 8. HP: 70/70 MP: 7/7
  4462 | D:5      | Noticed Eustachio
  4483 | D:5      | Killed Eustachio
  4484 | D:5      | Reached skill level 7 in Long Blades
  5312 | D:6      | Reached skill level 8 in Long Blades
  6519 | D:6      | Found a staircase to the Ecumenical Temple.
  6531 | Temple   | Entered the Ecumenical Temple
  7311 | D:7      | Noticed a hornet
  7330 | D:7      | Reached XP level 9. HP: 61/78 MP: 8/8
  7338 | D:7      | Reached skill level 9 in Long Blades
  7347 | D:7      | Found a sand-covered staircase.
  7353 | Ossuary  | Entered an ossuary
  7552 | Ossuary  | Identified the ring of Wonder {Fire Will+ Int+2}
  9046 | D:8      | Reached skill level 10 in Long Blades
  9072 | D:8      | Noticed Pikel
  9104 | D:8      | Identified the +0 robe "Lepsap" {Will+ Dex+4 Archmagi}
  9219 | D:7      | Killed Pikel
  9906 | D:8      | Reached XP level 10. HP: 74/88 MP: 9/9
  9991 | D:9      | Reached skill level 10 in Armour
 10138 | D:9      | Found a staircase to the Lair.
 10221 | D:9      | Found a hazy altar of Hepliaklqana.
 10241 | D:9      | Found an iron altar of Okawaru.
 10247 | D:9      | Became a worshipper of Warmaster Okawaru
 10397 | D:9      | Found Xuesmij's Specialty Armours.
 10558 | D:10     | Entered Level 10 of the Dungeon
 10584 | D:9      | Reached skill level 11 in Long Blades
 10623 | D:10     | Noticed Nergalle
 10719 | D:10     | HP: 3/80 [spectral orc knight[Nergalle] (6)]
 10727 | D:10     | Killed from afar by Nergalle

Illustrated notes

Levels and vault maps discovered:
D:1:      nicolae_arrival_memento_mori, layout_rooms, serial_co_window_serial,
          co_window_of_opportunity_a, co_window_corner_a, co_window_corner_a,
          co_window_corner_a, co_window_paths_b, co_window_of_opportunity_a,
          co_window_broadway_b, co_window_unsneaky_path_b, co_window_2corner,
          co_window_broadway_b, co_window_broadway_b, co_window_paths_e,
          glass_columns_b
D:2:      minmay_chambers_of_ones, layout_basic, serial_shops,
          nicolae_shop_temple_entry_statues_fountains, kennysheep_donut,
          moated_statue, minmay_pentomino_q2
D:3:      layout_basic
D:4:      layout_gridville, mainiacjoe_overflow_divided_tiny
D:5:      layout_loops_ring, amcnicky_mini_pool_medium, uniq_eustachio
D:6:      layout_layer_cave, temple_hall, hangedman_decor_riveting,
          mrwooster_statue_mirror
D:7:      layout_loops_ring, nicolae_ossuary_entry_monument
D:8:      minmay_angry_zag, layout_loops_ring, uniq_pikel
D:9:      layout_cave_pools, mainiacjoe_overflow_large_starburst,
          lair_entry_dummy, nicolae_barding_shop
D:10:     layout_stronghold, orc_0_dummy, uniq_sonja, uniq_nergalle
Temple:   dpeg_five_rooms_temple

Skill      XL: |  1  2  3  4  5  6  7  8  9 10 |
---------------+-------------------------------+-----
Armour         | 4 5 6 8 9 10 | 10.2
Shields        | 4 5 6 7 |  7.5
Long Blades    | 3 4 5 6 8 10 11 | 11.1
Fighting       | 4 5 6 8 |  8.3
Dodging        | 1 |  1.6
Stealth        | 1 |  1.7
Evocations     | |  0.4

Action                   |  1- 3 |  4- 6 |  7- 9 | 10-12 || total
-------------------------+-------+-------+-------+-------++-------
Melee: Long sword        |    58 |   115 |   358 |    62 ||   593
       Headbutt          |    10 |    17 |    64 |    11 ||   102
Evoke: Wand              |       |     2 |       |     2 ||     4
  Use: Scroll            |     1 |       |     9 |     5 ||    15
       Potion            |     1 |       |     2 |     4 ||     7
Armor: Scale mail        |    22 |    30 |       |       ||    52
       Plate armour      |       |    21 |   229 |    63 ||   313
Dodge: Dodged            |    19 |    51 |   109 |    36 ||   215
Block: Buckler           |    11 |    28 |    89 |    23 ||   151
